 Dungeon Crawl Stone Soup version 0.17.0-28-g6e173f8 (console) character file.

31357 Kloppie the Fighter (level 13, -3/124 HPs)
             Began as a Minotaur Fighter on Nov 29, 2015.
             Was a High Priest of Elyvilon.
             Slain by a death yak (6 damage)
             ... on level 6 of the Lair of Beasts.
             The game lasted 00:29:50 (21247 turns).

Kloppie the Fighter (Minotaur Fighter)             Turns: 21247, Time: 00:29:50

Health: -3/124     AC: 23    Str: 23    XL:     13   Next: 25%
Magic:  17/20      EV:  5    Int:  5    God:    Elyvilon [*****.]
Gold:   621        SH: 10    Dex: 15    Spells: 0 memorised, 12 levels left

rFire  + . .     SeeInvis .     a - +0 war axe
rCold  . . .     Clarity  +     F - +0 plate armour {rN+}
rNeg   + . .     SustAt   .     c - +0 shield
rPois  +         Gourm    .     (helmet restricted)
rElec  .         Spirit   .     m - +1 cloak
rCorr  .         Warding  .     h - +0 pair of gloves
rMut   .         Stasis   .     A - +1 pair of boots
MR     .....                    U - amulet of clarity
Stlth  ..........               w - ring of protection from fire
                                N - ring of poison resistance

@: not resistant to hostile enchantments, extremely unstealthy
A: retaliatory headbutt, horns 2, strong 1
a: Lesser Healing, Heal Other, Purification, Greater Healing, Divine Vigour,
Divine Protection, Renounce Religion


You were on level 6 of the Lair of Beasts.
You worshipped Elyvilon.
Elyvilon was extremely pleased with you.
You were very hungry.

You visited 3 branches of the dungeon, and saw 18 of its levels.

You collected 927 gold pieces.
You spent 306 gold pieces at shops.

Inventory:

Hand Weapons
 a - a +0 war axe (weapon)
Armour
 c - a +0 shield (worn)
 h - a +0 pair of gloves (worn)
 m - a +1 cloak (worn)
 A - a +1 pair of boots (worn)
 F - a +0 plate armour of positive energy (worn)
Jewellery
 f - an uncursed ring of sustain attributes
 t - an uncursed amulet of warding
 v - an uncursed amulet of rage
 w - a ring of protection from fire (right hand)
 G - an uncursed ring of ice
 N - a ring of poison resistance (left hand)
 Q - an uncursed ring of positive energy
 U - an amulet of clarity (around neck)
Wands
 b - a wand of disintegration (15)
 d - a wand of teleportation (5)
 g - a wand of confusion (21)
 u - a wand of cold (8)
 y - a wand of cold (8)
 D - a wand of slowing (18)
 K - a wand of digging (15)
 M - a wand of digging (11)
Scrolls
 j - a scroll of immolation
 k - 5 scrolls of magic mapping
 l - 2 scrolls of blinking
 q - 6 scrolls of identify
 r - 2 scrolls of fear
 x - 2 scrolls of fog
 C - a scroll of silence
 E - 5 scrolls of teleportation
 I - 2 scrolls of remove curse
 V - a scroll of enchant weapon {unknown}
Potions
 n - 4 potions of brilliance
 o - a potion of cancellation
 p - 3 potions of might
 s - 3 potions of berserk rage
 B - 3 potions of flight
 H - 2 potions of lignification
 L - a potion of heal wounds
 O - a potion of magic
 S - a potion of degeneration {unknown}
Books
 z - a book of Flames

   Spells                             Type                      Level
   a - Flame Tongue                   Conjuration/Fire             1
   b - Throw Flame                    Conjuration/Fire             2
   c - Conjure Flame                  Conjuration/Fire             3
   d - Inner Flame                    Hexes/Fire                   3
   e - Sticky Flame                   Conjuration/Fire             4
   f - Fireball                       Conjuration/Fire             5
Miscellaneous
 J - an ornate deck of escape
Comestibles
 e - 15 bread rations
 i - 14 meat rations
 P - 3 beef jerkies
 R - a fruit
 T - 2 chunks of flesh


   Skills:
 + Level 14.2 Fighting
 + Level 13.2 Axes
 + Level 14.0 Armour
 - Level 3.6 Shields
 - Level 10.8 Invocations


You had 12 spell levels left.
You didn't know any spells.

Dungeon Overview and Level Annotations

Branches:
Dungeon (11/15)            Temple (1/1) D:6            Lair (6/8) D:11
 Shoals (0/4) Lair:6       Spider (0/4) Lair:6          Orc (0/4) D:9
  Slime: Lair:6-8

Altars:
Ashenzari
Cheibriados
Dithmenos
Elyvilon
Fedhas
Gozag
Kikubaaqudgha
Makhleb
Nemelex Xobeh
Okawaru
Qazlal
Ru
Sif Muna
Trog
Vehumet
Xom
Yredelemnul
Zin
The Shining One

Shops:
D:8 =}[   D:9 *   D:10 :

Annotations:
D:8 exclusion: statue


Innate Abilities, Weirdness & Mutations

You reflexively headbutt those who attack you in melee.
You have a pair of horns on your head.
Your muscles are strong. (Str +2)


Message History

The death yak is heavily wounded.
The death yak gores the fungus!
You hit the death yak but do no damage.
You headbutt the death yak, but do no damage.
The death yak is heavily wounded.
You hit the death yak but do no damage.
The death yak is moderately wounded.
The death yak gores you but does no damage.
The death yak gores you!
* * * LOW HITPOINT WARNING * * *
You hit the death yak but do no damage.
Your shield and plate armour prevent you from hitting the death yak.
The death yak is moderately wounded.
Your shield and plate armour prevent you from hitting the death yak.
The death yak is heavily wounded.
The death yak completely misses you. You furiously retaliate!
You headbutt the death yak. The death yak gores you!
* * * LOW HITPOINT WARNING * * *
The death yak gores you.
You die...

................#..
.#............### P ......P...
...#.........## ...PP......
..............## .....P......
........P##..#.# ..P...P....
....†....##....##♣ ♣..........
........###(.....# ♣.♣...♣....
.......## ##...#####♣ #..........
...P...P# ##..Y@##.##♣..........
........# #.P.Y#YP.#............
.###....## #.................†...
.##......###.....#P..............
#.........##..##.##..............
#............#######........)....
......#.....## ##...##P...<...
.....#.#....# #....####......
...........## #...## #......


You could see 3 death yaks.

Vanquished Creatures
  Erolcha (D:8)
  A death yak (Lair:6)
  An unseen horror (D:11)
  A hill giant (D:10)
  3 cyclopes
  An orb spider (Lair:6)
  3 black mambas
  2 sirens (Lair:6)
  Psyche (D:9)
  10 spiny frogs
  4 komodo dragons
  2 fire drakes
  2 polar bears
  2 merfolk (Lair:6)
  Prince Ribbit (D:5)
  18 blink frogs
  2 wyverns
  2 deep elf magi (D:10)
  Sigmund (D:2)
  A spriggan (D:8)
  8 yaks
  4 basilisks
  Eustachio (D:6)
  4 humans (Lair:1)
  9 wolves
  6 hippogriffs
  Edmund (D:5)
  5 porcupines
  A steam dragon (D:11)
  11 water moccasins
  A sky beast (D:7)
  6 orc warriors
  4 phantoms
  9 centaurs
  4 ice beasts
  2 black bears
  3 ogres
  15 crocodiles
  A big kobold (D:8)
  The ghost of Zeloya the Twirler, an amateur KoGl (D:3)
  17 giant frogs
  4 scorpions
  3 killer bees (D:9)
  16 wights
  2 crimson imps
  11 hounds
  2 centaur zombies
  6 electric eels
  5 orc priests
  2 centaur skeletons
  A jelly (D:6)
  Crazy Yiuf (D:5)
  Ijyb (Lair:1)
  15 orc wizards
  12 iguanas
  5 worker ants
  26 sheep
  3 hound zombies
  A hound skeleton (D:5)
  2 worker ant zombies (D:8)
  8 adders
  36 river rats
  3 shadow imps
  3 oozes
  An adder skeleton (D:4)
  8 giant geckos
  41 orcs
  4 giant cockroaches
  5 goblins
  5 hobgoblins
  7 jackals
  3 quokkas
  3 ball pythons
  8 bats
  3 giant newts
  A jackal skeleton (D:6)
  8 kobolds
  A quokka skeleton (D:5)
  7 rats
  A fungus (Lair:3)
446 creatures vanquished.

Vanquished Creatures (others)
  5 fungi
  4 plants (D:11)
9 creatures vanquished.

Grand Total: 455 creatures vanquished

Notes
Turn   | Place    | Note
--------------------------------------------------------------
     0 | D:1      | Kloppie the Minotaur Fighter began the quest for the Orb.
     0 | D:1      | Reached XP level 1. HP: 19/19 MP: 0/0
   137 | D:1      | Reached XP level 2. HP: 27/27 MP: 1/1
   558 | D:2      | Reached skill level 4 in Fighting
   633 | D:2      | Reached XP level 3. HP: 33/33 MP: 2/2
   646 | D:2      | Noticed Sigmund
   666 | D:3      | Found a blossoming altar of Fedhas.
   710 | D:3      | Noticed Zeloya's ghost (amateur KoGl)
  1014 | D:4      | Noticed an ogre
  1023 | D:4      | Killed an ogre
  1023 | D:4      | Reached XP level 4. HP: 30/41 MP: 3/3
  1068 | D:4      | Reached skill level 5 in Fighting
  1068 | D:4      | Reached XP level 5. HP: 41/48 MP: 4/4
  1260 | D:4      | Reached skill level 5 in Armour
  1545 | D:4      | Found a deep blue altar of Sif Muna.
  2051 | D:4      | Noticed a black bear
  2059 | D:4      | Killed a black bear
  2059 | D:4      | Reached skill level 5 in Axes
  2059 | D:4      | Reached XP level 6. HP: 51/57 MP: 5/5
  2301 | D:3      | Killed Zeloya's ghost
  2301 | D:3      | Reached skill level 6 in Fighting
  2952 | D:3      | Found a deep blue altar of Sif Muna.
  3486 | D:2      | Killed Sigmund
  3486 | D:2      | Reached XP level 7. HP: 60/64 MP: 6/6
  3731 | D:5      | Entered Level 5 of the Dungeon
  3731 | D:5      | Noticed Prince Ribbit
  4138 | D:5      | Noticed Edmund
  4149 | D:5      | Killed Edmund
  4149 | D:5      | Reached skill level 7 in Fighting
  4322 | D:5      | Noticed Crazy Yiuf
  4330 | D:5      | Killed Crazy Yiuf
  4433 | D:5      | Killed Prince Ribbit
  4433 | D:5      | Reached XP level 8. HP: 55/73 MP: 7/7
  4783 | D:6      | Noticed Eustachio
  4791 | D:6      | Killed Eustachio
  4791 | D:6      | Reached skill level 8 in Fighting
  4925 | D:6      | Found a bloodstained altar of Trog.
  5162 | D:6      | Found a shattered altar of Ashenzari.
  5259 | D:6      | Reached skill level 9 in Fighting
  5379 | D:6      | Found a staircase to the Ecumenical Temple.
  5384 | Temple   | Entered the Ecumenical Temple
  5460 | Temple   | Became a worshipper of Elyvilon the Healer
  5844 | D:6      | Reached XP level 9. HP: 83/83 MP: 8/8
  6328 | D:7      | Found a shimmering altar of Xom.
  6382 | D:7      | Found a glowing golden altar of the Shining One.
  6474 | D:7      | Reached * piety under Elyvilon
  6557 | D:7      | Found an opulent altar of Gozag.
  6914 | D:7      | Found a bloodstained altar of Trog.
  7107 | D:7      | Reached skill level 10 in Fighting
  7552 | D:8      | Reached skill level 10 in Armour
  7600 | D:8      | Found Ycoxoh's Antique Armour Emporium.
  7611 | D:8      | Bought a distressingly furry scale mail for 306 gold pieces
  7616 | D:8      | Identified the cursed +0 scale mail of Cheibriados's Wrath {rN+ rCorr} (You bought it in a shop on level 8 of the Dungeon)
  7704 | D:8      | Noticed Erolcha
  7718 | D:8      | Killed Erolcha
  7718 | D:8      | Reached skill level 10 in Axes
  7718 | D:8      | Reached XP level 10. HP: 42/94 MP: 9/9
  8074 | D:8      | Found Qichegakh's Jewellery Emporium.
  8094 | D:8      | Found Enty's Gadget Boutique.
  8329 | D:8      | Identified the Disquisition on Confrontation
  8392 | D:8      | Found a radiant altar of Vehumet.
  8564 | D:8      | Reached skill level 11 in Fighting
  8808 | D:9      | Reached ** piety under Elyvilon
  8815 | D:9      | Found a staircase to the Orcish Mines.
  8945 | D:9      | Found Zin's Purification Station.
  8955 | D:9      | Found a glowing silver altar of Zin.
  9007 | D:9      | Found a snail-covered altar of Cheibriados.
  9097 | D:9      | Found a sparkling altar of Nemelex Xobeh.
  9209 | D:9      | Noticed a cyclops
  9237 | D:9      | Killed a cyclops
  9645 | D:10     | Entered Level 10 of the Dungeon
  9648 | D:10     | Noticed Psyche
  9658 | D:9      | Killed Psyche
 10295 | D:10     | Reached XP level 11. HP: 104/104 MP: 13/13
 10391 | D:10     | Found Mesi's Book Emporium.
 10481 | D:10     | Noticed a hill giant
 10495 | D:10     | Killed a hill giant
 10495 | D:10     | Reached skill level 5 in Invocations
 10526 | D:11     | Reached *** piety under Elyvilon
 11298 | D:11     | Killed an unseen horror
 11808 | D:11     | Noticed a sea snake
 12081 | D:11     | Noticed a sea snake
 12517 | D:11     | Found a staircase to the Lair.
 12527 | Lair:1   | Entered Level 1 of the Lair of Beasts
 13246 | Lair:1   | Reached skill level 10 in Invocations
 13522 | Lair:1   | Noticed Ijyb
 13530 | Lair:1   | Killed Ijyb
 14020 | Lair:2   | Reached XP level 12. HP: 61/112 MP: 19/19
 14355 | Lair:2   | Reached **** piety under Elyvilon
 14376 | Lair:2   | Reached skill level 12 in Fighting
 16823 | Lair:3   | Reached skill level 13 in Fighting
 18116 | Lair:4   | Gained mutation: Your muscles are strong. (Str +2) [potion of beneficial mutation]
 18541 | Lair:4   | Noticed a five-headed hydra
 18542 | Lair:4   | Pacified a five-headed hydra
 19418 | Lair:5   | Reached ***** piety under Elyvilon
 20112 | Lair:5   | Reached XP level 13. HP: 120/123 MP: 20/20
 20291 | Lair:6   | Found a hole to the Spider Nest.
 20638 | Lair:6   | Found a staircase to the Shoals.
 20668 | Lair:6   | Reached skill level 14 in Fighting
 21247 | Lair:6   | HP: 3/124 [death yak (16)]
 21247 | Lair:6   | Slain by a death yak

Action                   |  1- 3 |  4- 6 |  7- 9 | 10-12 | 13-15 || total
-------------------------+-------+-------+-------+-------+-------++-------
Melee: War axe           |    59 |   109 |   332 |  1064 |   154 ||  1718
Invok: Divine Protection |       |       |     1 |       |       ||     1
       Greater Healing   |       |       |       |     2 |     3 ||     5
       Heal Other        |       |       |       |     2 |     1 ||     3
Evoke: Wand              |       |       |       |     2 |       ||     2
  Use: Potion            |     1 |       |       |     3 |       ||     4
       Scroll            |       |       |    16 |    10 |       ||    26
  Eat: Chunk             |       |     5 |    13 |    34 |     6 ||    58
       Pizza             |       |     1 |       |     1 |       ||     2
       Beef jerky        |       |     1 |     1 |       |       ||     2
       Bread ration      |       |       |       |     1 |       ||     1
